2025 views
Uploaded 2022-11-14 16:25:19
Game version 1.33
25:22 long 1on1 ladder game on (2)LastRefuge
Saved by ZueD
2025 views
Uploaded 2022-11-14 16:25:19
Game version 1.33
25:22 long 1on1 ladder game on (2)LastRefuge

49 units @ 6.4k
/ 0.6k
36 buildings @ 3.6k
/ 1.8k



| Lesser Clarity Potion | 5 | 350 |
| Scroll of Regeneration | 6 | 600 |
| Potion of Healing | 6 | 900 |
| Staff of Sanctuary | 1 | 250 |
| Scroll of Healing | 2 | 500 |
| Scroll of Town Portal | 3 | 1050 |
| Staff of Teleportation | 1 | 150 |
| Boots of Speed | 1 | 250 |
| Potion of Lesser Invulnerability | 4 | 600 |
| total: | 29 | 4650g |
| Peasant | 24 | 1800 | / | 0 |
| Footman | 10 | 1350 | / | 0 |
| Spell Breaker | 3 | 645 | / | 90 |
| Dragonhawk Rider | 9 | 1800 | / | 270 |
| Gryphon Rider | 2 | 560 | / | 140 |
| Goblin Zeppelin | 1 | 240 | / | 60 |
| total: | 49 | 6395g | / | 560w |
| Scout Tower | 12 | 360 | / | 240 |
| Arcane Tower | 1 | 70 | / | 50 |
| Guard Tower | 5 | 350 | / | 250 |
| Altar of Kings | 1 | 180 | / | 50 |
| Barracks | 1 | 160 | / | 60 |
| Farm | 10 | 800 | / | 200 |
| Lumber Mill | 2 | 240 | / | 0 |
| Town Hall | 2 | 770 | / | 410 |
| Arcane Vault | 2 | 260 | / | 60 |
| Blacksmith | 1 | 140 | / | 60 |
| Arcane Sanctum | 2 | 300 | / | 280 |
| Gryphon Aviary | 3 | 420 | / | 450 |
| Keep | 1 | 320 | / | 210 |
| Castle | 1 | 360 | / | 210 |
| total: | 36 | 3630g | / | 1810w |
| 0:01 | Peasant |
| 0:05 | Altar of Kings |
| 0:14 | Peasant |
| 0:17 | Barracks |
| 0:27 | Peasant |
| 0:32 | Farm |
| 0:37 | Peasant |
| 0:47 | Farm |
| 0:52 | Peasant |
| 1:00 | Peasant |
| 1:18 | Footman |
| 1:24 | Farm |
| 1:30 | Peasant |
| 1:43 | Footman |
| 1:44 | Footman |
| 1:50 | Peasant |
| 2:03 | Summon Water Elemental |
| 2:11 | Footman |
| 2:12 | Peasant |
| 2:33 | Footman |
| 2:33 | Peasant |
| 2:42 | Farm |
| 2:56 | Brilliance Aura |
| 2:58 | Footman |
| 3:09 | Scout Tower |
| 3:10 | Scout Tower |
| 3:33 | Arcane Tower |
| 3:36 | Lumber Mill |
| 3:54 | Footman |
| 3:57 | Town Hall |
| 4:11 | Peasant |
| 4:13 | Footman |
| 4:21 | Summon Water Elemental |
| 4:22 | Guard Tower |
| 4:26 | Scout Tower |
| 4:45 | Staff of Teleportation |
| 4:52 | Boots of Speed |
| 4:59 | Guard Tower |
| 5:21 | Footman |
| 5:52 | Keep |
| 5:56 | Scout Tower |
| 6:07 | Arcane Vault |
| 6:10 | Peasant |
| 6:11 | Peasant |
| 6:36 | Footman |
| 6:42 | Guard Tower |
| 6:44 | Scout Tower |
| 6:46 | Scout Tower |
| 6:52 | Arcane Vault |
| 7:26 | Guard Tower |
| 7:37 | Peasant |
| 7:37 | Peasant |
| 7:38 | Peasant |
| 8:11 | Lesser Clarity Potion |
| 8:11 | Scroll of Regeneration |
| 8:23 | Peasant |
| 8:23 | Peasant |
| 8:23 | Peasant |
| 8:23 | Peasant |
| 8:26 | Scroll of Regeneration |
| 8:26 | Potion of Healing |
| 8:34 | Improved Lumber Harvesting |
| 8:53 | Brilliance Aura |
| 8:58 | Potion of Lesser Invulnerability |
| 9:11 | Storm Bolt |
| 9:20 | Arcane Sanctum |
| 9:21 | Arcane Sanctum |
| 9:53 | Castle |
| 10:22 | Blacksmith |
| 10:23 | Scout Tower |
| 10:24 | Scout Tower |
| 10:33 | Scroll of Healing |
| 10:42 | Spell Breaker |
| 10:43 | Control Magic |
| 10:56 | Iron Forged Swords |
| 10:57 | Farm |
| 10:59 | Lumber Mill |
| 11:07 | Spell Breaker |
| 11:28 | Thunder Clap |
| 11:39 | Scroll of Healing |
| 11:39 | Potion of Lesser Invulnerability |
| 11:43 | Spell Breaker |
| 11:48 | Iron Plating |
| 11:55 | Gryphon Aviary |
| 12:08 | Guard Tower |
| 12:25 | Scroll of Regeneration |
| 12:33 | Gryphon Aviary |
| 12:36 | Gryphon Aviary |
| 12:46 | Thunder Clap |
| 12:49 | Goblin Zeppelin |
| 12:57 | Potion of Healing |
| 13:01 | Potion of Healing |
| 13:14 | Dragonhawk Rider |
| 13:16 | Farm |
| 13:17 | Farm |
| 13:23 | Holy Light |
| 13:48 | Farm |
| 13:56 | Dragonhawk Rider |
| 13:57 | Dragonhawk Rider |
| 14:25 | Dragonhawk Rider |
| 14:26 | Dragonhawk Rider |
| 14:34 | Farm |
| 14:50 | Scroll of Town Portal |
| 15:04 | Farm |
| 15:29 | Summon Water Elemental |
| 15:31 | Divine Shield |
| 15:59 | Scroll of Regeneration |
| 16:02 | Scroll of Town Portal |
| 16:02 | Potion of Healing |
| 16:05 | Lesser Clarity Potion |
| 16:08 | Lesser Clarity Potion |
| 16:15 | Cloud |
| 16:49 | Peasant |
| 16:49 | Peasant |
| 17:20 | Gryphon Rider |
| 17:37 | Storm Bolt |
| 18:08 | Gryphon Rider |
| 18:12 | Scroll of Regeneration |
| 18:23 | Scroll of Town Portal |
| 19:20 | Town Hall |
| 19:45 | Holy Light |
| 20:51 | Mass Teleport |
| 21:00 | Scroll of Regeneration |
| 21:02 | Lesser Clarity Potion |
| 21:04 | Storm Bolt |
| 21:06 | Lesser Clarity Potion |
| 21:08 | Staff of Sanctuary |
| 21:10 | Potion of Healing |
| 21:10 | Potion of Healing |
| 21:45 | Dragonhawk Rider |
| 22:09 | Peasant |
| 22:09 | Peasant |
| 22:21 | Dragonhawk Rider |
| 22:32 | Scout Tower |
| 22:44 | Scout Tower |
| 22:51 | Dragonhawk Rider |
| 23:10 | Dragonhawk Rider |
| 23:13 | Scout Tower |
| 23:16 | Scout Tower |
| 23:35 | Potion of Lesser Invulnerability |
| 23:50 | Potion of Lesser Invulnerability |
| 24:43 | Divine Shield |
| Right click | 1844 |
| Select group | 988 |
| Select | 811 |
| Build/train/purchase | 190 |
| Use ability | 96 |
| Assign group | 61 |
| Chat | 37 |
| Misc. action | 17 |
| Item give/drop | 12 |
47 units @ 6k
/ 0.5k
23 buildings @ 3.7k
/ 1.4k



| Rod of Necromancy | 1 | 150 |
| Sacrificial Skull | 2 | 100 |
| Ritual Dagger | 1 | 125 |
| Orb of Corruption | 1 | 375 |
| Potion of Healing | 5 | 750 |
| Scroll of Healing | 3 | 750 |
| Boots of Speed | 1 | 250 |
| total: | 14 | 2500g |
| Acolyte | 15 | 1125 | / | 0 |
| Ghoul | 20 | 2400 | / | 0 |
| Obsidian Statue | 8 | 1600 | / | 280 |
| Abomination | 1 | 240 | / | 70 |
| Crypt Fiend | 2 | 430 | / | 80 |
| Forest Troll Berserker | 1 | 245 | / | 30 |
| total: | 47 | 6040g | / | 460w |
| Nerubian Tower | 3 | 300 | / | 60 |
| Spirit Tower | 1 | 145 | / | 40 |
| Crypt | 2 | 400 | / | 100 |
| Altar of Darkness | 1 | 180 | / | 50 |
| Ziggurat | 10 | 1500 | / | 500 |
| Tomb of Relics | 2 | 260 | / | 60 |
| Graveyard | 1 | 215 | / | 0 |
| Necropolis | 2 | 450 | / | 0 |
| Slaughterhouse | 4 | 560 | / | 540 |
| Temple of the Damned | 1 | 155 | / | 140 |
| Halls of the Dead | 1 | 320 | / | 210 |
| Black Citadel | 1 | 325 | / | 230 |
| total: | 23 | 3720g | / | 1390w |
| 0:01 | Acolyte |
| 0:04 | Crypt |
| 0:12 | Altar of Darkness |
| 0:22 | Ziggurat |
| 0:31 | Acolyte |
| 0:56 | Tomb of Relics |
| 1:08 | Ghoul |
| 1:14 | Ghoul |
| 1:29 | Ziggurat |
| 1:42 | Ghoul |
| 1:54 | Ghoul |
| 2:10 | Carrion Beetles |
| 2:12 | Rod of Necromancy |
| 2:14 | Sacrificial Skull |
| 2:19 | Sacrificial Skull |
| 2:31 | Ghoul |
| 2:42 | Acolyte |
| 2:50 | Ghoul |
| 3:05 | Ghoul |
| 3:19 | Ghoul |
| 3:40 | Ziggurat |
| 3:45 | Spiked Carapace |
| 4:12 | Acolyte |
| 4:18 | Nerubian Tower |
| 4:31 | Nerubian Tower |
| 4:32 | Acolyte |
| 4:33 | Ghoul |
| 4:42 | Carrion Beetles |
| 4:48 | Acolyte |
| 4:59 | Forest Troll Berserker |
| 5:14 | Ghoul |
| 5:44 | Halls of the Dead |
| 5:46 | Ghoul |
| 5:58 | Boots of Speed |
| 6:13 | Graveyard |
| 6:41 | Necropolis |
| 6:47 | Ziggurat |
| 7:27 | Crypt |
| 7:54 | Ritual Dagger |
| 8:09 | Black Citadel |
| 8:16 | Ghoul |
| 8:20 | Slaughterhouse |
| 8:25 | Acolyte |
| 8:36 | Ghoul |
| 8:56 | Slaughterhouse |
| 9:12 | Death Coil |
| 9:41 | Creature Attack |
| 9:43 | Slaughterhouse |
| 9:52 | Ghoul |
| 9:55 | Obsidian Statue |
| 9:57 | Obsidian Statue |
| 10:24 | Obsidian Statue |
| 10:25 | Obsidian Statue |
| 10:32 | Ghoul Frenzy |
| 10:33 | Destroyer Form |
| 10:37 | Ziggurat |
| 10:39 | Ziggurat |
| 11:04 | Ghoul |
| 11:05 | Obsidian Statue |
| 11:20 | Spiked Carapace |
| 11:33 | Ghoul |
| 11:34 | Obsidian Statue |
| 11:49 | Scroll of Healing |
| 11:51 | Orb of Corruption |
| 12:02 | Frost Nova |
| 12:14 | Web |
| 13:28 | Improved Creature Attack |
| 13:33 | Unholy Aura |
| 13:34 | Dark Ritual |
| 14:02 | Creature Carapace |
| 14:32 | Tomb of Relics |
| 14:34 | Slaughterhouse |
| 14:36 | Temple of the Damned |
| 14:48 | Obsidian Statue |
| 14:54 | Acolyte |
| 15:14 | Necropolis |
| 16:04 | Abomination |
| 16:06 | Ghoul |
| 16:16 | Acolyte |
| 16:16 | Acolyte |
| 16:16 | Acolyte |
| 16:29 | Ghoul |
| 16:32 | Crypt Fiend |
| 16:33 | Crypt Fiend |
| 17:04 | Death Coil |
| 17:23 | Spirit Tower |
| 17:23 | Nerubian Tower |
| 17:59 | Carrion Beetles |
| 18:11 | Ziggurat |
| 18:13 | Ziggurat |
| 18:15 | Frost Nova |
| 19:10 | Potion of Healing |
| 19:10 | Potion of Healing |
| 19:13 | Scroll of Healing |
| 19:20 | Potion of Healing |
| 19:20 | Scroll of Healing |
| 19:30 | Ziggurat |
| 19:30 | Ziggurat |
| 20:47 | Acolyte |
| 20:47 | Acolyte |
| 20:47 | Acolyte |
| 20:58 | Acolyte |
| 20:58 | Ghoul |
| 20:58 | Ghoul |
| 21:23 | Dark Ritual |
| 21:38 | Obsidian Statue |
| 23:40 | Potion of Healing |
| 23:40 | Potion of Healing |
| Select group | 1518 |
| Right click | 1186 |
| Select | 765 |
| Misc. action | 479 |
| Build/train/purchase | 193 |
| Assign group | 116 |
| Use ability | 109 |
| Chat | 45 |
| Esc | 7 |
| Item give/drop | 3 |
| Remove unit | 1 |